 Dungeon Crawl Stone Soup version 0.26.0-16-gc1dbca0489 (webtiles) character file.

Game seed: 49835523916871776

128503 runemasterragnar the Warrior (level 17, -3/192 HPs)
             Began as an Ogre Monk on Jan 19, 2021.
             Was the Champion of Okawaru.
             Slain by a dire elephant simulacrum (16 damage)
             ... in an ice cave.
             The game lasted 01:10:18 (39982 turns).

runemasterragnar the Warrior (Ogre Monk)           Turns: 39982, Time: 01:10:19

Health: -3/192     AC: 27    Str: 26 (28) XL:     17   Next: 3%
Magic:  38/38      EV: 14    Int: 12 (13) God:    Okawaru [******]
Gold:   3077       SH:  0    Dex: 13      Spells: 15/16 levels left

rFire    . . .     SeeInvis .   F - +4 battleaxe (vorpal)
rCold    . . .     Faith    .   (shield currently unavailable)
rNeg     . . .     Spirit   .   u - +2 storm dragon scales
rPois    +         Reflect  .   Z - +0 hat of Naolog {Will+ MP+9 Str+2}
rElec    +         Harm     .   S - +2 cloak
rCorr    .         Rampage  .   (gloves unavailable)
Will     +++..                  (boots unavailable)
Stlth    ..........             (no amulet)
HPRegen  0.42/turn              T - +4 ring of protection (curse)
MPRegen  0.26/turn              M - ring of the Cuttlefish {rPois Will+ EV+4 Dex+2}

@: no status effects
A: large, unfitting armour, icy blue scales 1, camouflage 1, clever 1,
deterioration 1, high mp 1, strong 1, tough skin 1
a: Renounce Religion, Heroism, Finesse


You were in an ice cave.
You worshipped Okawaru.
Okawaru was exalted by your worship.
You visited 6 branches of the dungeon, and saw 27 of its levels.
You also visited: Sewer and Ice Cave.

You collected 3122 gold pieces.
You spent 45 gold pieces at shops.

Inventory:

Hand Weapons
 k - the +8 Wrath of Trog {antimagic, *Rage}
   (Okawaru gifted it to you on level 6 of the Lair of Beasts)

   It reduces the magical energy of the wielder, and disrupts the spells and
   magical abilities of those hit.
   Natural abilities and divine invocations are not affected.
   It may make you go berserk in combat.
 s - a +1 battleaxe of freezing
 F - a +4 vorpal battleaxe (weapon)
Missiles
 f - 52 poisoned darts
 D - 15 boomerangs
 L - 2 javelins
 N - 2 large rocks (quivered)
 Q - 16 curare-tipped darts
 W - 28 atropa-tipped darts
Armour
 d - a +2 robe of the Archmagi
 r - +0 fire dragon scales
 u - +2 storm dragon scales (worn)
 H - +0 swamp dragon scales
 S - a +2 cloak (worn)
 Z - the +0 hat of Naolog (worn) {Will+ MP+9 Str+2}
   (Okawaru gifted it to you on level 3 of the Lair of Beasts)

   It affects your strength (+2).
   It affects your willpower, your defense against some magical effects.
   It affects your magic capacity (+9).
Jewellery
 a - an uncursed ring of positive energy
 C - an uncursed ring of flight
 M - the ring of the Cuttlefish (right hand) {rPois Will+ EV+4 Dex+2}
   (You acquired it on level 1 of the Lair of Beasts)

   [ring of evasion]

   It affects your evasion (+4).
   It affects your dexterity (+2).
   It protects you from poison.
   It affects your willpower, your defense against some magical effects.
 T - a cursed +4 ring of protection (left hand)
Wands
 l - a wand of iceblast (35)
 o - a wand of acid (3)
 v - a wand of disintegration (16)
 z - a wand of enslavement (15)
 E - a wand of digging (10)
 K - a wand of flame (34)
 U - a wand of polymorph (8)
 V - a wand of paralysis (16)
Scrolls
 b - 5 scrolls of identify
 e - 15 scrolls of remove curse
 n - a scroll of silence
 y - 4 scrolls of fog
 A - 3 scrolls of summoning
 G - 3 scrolls of enchant armour
 I - 5 scrolls of teleportation
 J - 2 scrolls of torment
 X - 3 scrolls of blinking
 Y - a scroll of enchant weapon
Potions
 g - 6 potions of attraction
 h - 2 potions of heal wounds
 i - 7 potions of haste
 j - 4 potions of cancellation
 m - a potion of berserk rage
 p - 5 potions of might
 q - 4 potions of flight
 t - 2 potions of invisibility
 w - 12 potions of curing
 x - 9 potions of brilliance
 B - 3 potions of magic
 O - 2 potions of lignification
 R - a potion of resistance
Miscellaneous
 c - a condenser vane
 P - a tin of tremorstones (2/2)


   Skills:
 + Level 17.6 Fighting
 + Level 14.1 Axes
 + Level 13.4 Throwing
 + Level 10.6 Armour
 - Level 6.7 Dodging
 - Level 1.4 Stealth
 + Level 13.0 Invocations


You had 15 spell levels left.
You knew the following spells:

 Your Spells              Type           Power        Failure   Level
a - Apportation           Tloc           0%           83%         1

Your spell library contained the following spells:

 Spells                   Type           Power        Failure   Level
 Animate Skeleton         Necr           0%           83%         1
 Beastly Appendage        Tmut           0%           83%         1
 Corona                   Hex            0%           83%         1
 Sting                    Tmut/Pois      0%           83%         1
 Summon Small Mammal      Summ           0%           83%         1
 Ensorcelled Hibernation  Hex/Ice        0%           93%         2
 Passwall                 Tmut/Erth      0%           93%         2
 Poisonous Vapours        Pois/Air       0%           93%         2
 Swiftness                Air            0%           93%         2
 Wereblood                Tmut           0%           93%         2
 Confusing Touch          Hex            0%           99%         3
 Dazzling Flash           Conj/Hex       0%           99%         3
 Gell's Gravitas          Tloc           0%           99%         3
 Ignite Poison            Fire/Tmut/Pois 0%           99%         3
 Mephitic Cloud           Conj/Pois/Air  0%           99%         3
 Spider Form              Tmut/Pois      0%           99%         3
 Tukima's Dance           Hex            0%           99%         3
 Cause Fear               Hex            0%           100%        4
 Ice Form                 Ice/Tmut       0%           100%        4
 Olgreb's Toxic Radiance  Pois           0%           100%        4
 Passage of Golubria      Tloc           N/A          100%        4
 Petrify                  Tmut/Erth      0%           100%        4
 Blade Hands              Tmut           0%           100%        5
 Fireball                 Conj/Fire      0%           100%        5
 Lee's Rapid Deconstruct  Erth           0%           100%        5
 Metabolic Englaciation   Hex/Ice        0%           100%        5
 Silence                  Hex/Air        0%           100%        5
 Yara's Violent Unravell  Hex/Tmut       0%           100%        5
 Invisibility             Hex            0%           100%        6
 Starburst                Conj/Fire      0%           100%        6
 Discord                  Hex            0%           100%        8
 Ignition                 Fire           0%           100%        8


Dungeon Overview and Level Annotations

Branches:
Dungeon (15/15)            Temple (1/1) D:6            Lair (6/6) D:9
  Snake (0/4) Lair:4        Slime (0/5) Lair:6          Orc (2/2) D:10
    Elf (2/3) Orc:2        Vaults (0/5) D:13         Depths (1/5) D:15
  Sewer (visited)           IceCv (1/1)
  Swamp: Lair:2-4    Shoals: Lair:2-4

Altars:
Ashenzari
Cheibriados
Dithmenos
Elyvilon
Fedhas
Gozag
Hepliaklqana
Kikubaaqudgha
Makhleb
Nemelex Xobeh
Okawaru
Qazlal
Ru
Sif Muna
Trog
Uskayaw
Vehumet
Wu Jian
Xom
Yredelemnul
Zin
The Shining One
Beogh
Jiyva

Shops:
D:4 [   D:11 *[}*?   Orc:2 }?[!

Portals:
Pandemonium: Orc:2

Annotations:
D:7 4 runed translucent doors, Crazy Yiuf; Gadfly's ghost, novice TrBe; fitz's ghost, novice GrGl; jackrogers's ghost, novice GrBe; vvl's ghost, novice GrFi
D:14 2 transporters, Cown's ghost, journeyman TrHu
Lair:1 1 runed translucent door
Lair:6 1 runed translucent door


Innate Abilities, Weirdness & Mutations

You are too large for most types of armour.
You have tough skin. (AC +1)
You are partially covered in icy blue scales. (AC +2)
Your skin changes colour to match your surroundings (Stealth+).
Your mind is acute. (Int +2)
Your body sometimes deteriorates upon taking damage.
You have an increased reservoir of magic. (+10% MP)
Your muscles are strong. (Str +2)


Message History

Aim: an ettin simulacrum (freezing vapour, severely damaged, chance to affect: 68%)
The ettin simulacrum is blasted!!
The ettin simulacrum vapourises!
Okawaru accepts your kill.
Evoke which item? (* to show all) (? for menu, Esc to quit)
Aiming: Disintegrate
Press: ? - help, Shift-Dir - straight line, f - dire elephant simulacrum
Aim: a dire elephant simulacrum (wandering, hasn't noticed you, chance to affect: 65%)
The dire elephant simulacrum is blasted!!
The dire elephant simulacrum tramples you.
* * * LOW HITPOINT WARNING * * *
The dire elephant simulacrum freezes you!!!
* * * LOW HITPOINT WARNING * * *
The dire elephant simulacrum trunk-slaps you but does no damage.
Okay, then.
You feel much better.
The dire elephant simulacrum tramples you!
* * * LOW HITPOINT WARNING * * *
The dire elephant simulacrum freezes you!
You die...

## #.#..##.##.##
.#
..#°##.....##[##
#.#
#.##.##......#.#
$.#
#.#.######..#..#
#.# #...###
##.##.# #.(#
##..#.# ####.#
.(# ##...## #.##
#(#####...# ##.#
#Z@......##
##..#
#########.#
#..## #.###..##
#####.#.###.#
##..##.#....##
##...#.###..##
#......# ##.#
#)..#### #..#
#.⌠.# ##.##


You could see a dire elephant simulacrum.

Vanquished Creatures
  Jorgrun (Orc:2)
  Kirke (D:12)
  Louise (D:14)
  A stone giant (D:10)
  A deep elf annihilator (Elf:2)
  A fire dragon (Lair:6)
  An ettin (Orc:2)
  2 jiangshi (D:15)
  A yaktaur captain (D:15)
  3 vault guards (D:13)
  A rakshasa (D:15)
  6 hydras
  3 boulder beetles
  A catoblepas (Lair:5)
  3 death knights
  2 centaur warriors
  2 tengu warriors
  A deep troll earth mage (D:15)
  8 death yaks
  2 two-headed ogres
  4 dancing weapons
  A vampire mage (D:15)
  Sonja (Lair:4)
  5 orc high priests (Orc:2)
  A deep elf knight (Elf:2)
  4 skeletal warriors
  2 sixfirhies (Orc:2)
  A torturous demonspawn (Orc:2)
  2 unseen horrors
  6 orc knights
  A flayed ghost (D:15)
  3 wizards (D:13)
  2 deep elf archers
  Pikel (D:8)
  2 gelid demonspawn (Orc:2)
  A naga ritualist (D:13)
  2 necromancers
  2 lindwurms (Lair:6)
  An orb spider (shapeshifter) (Elf:2)
  An oklob plant (Lair:6)
  A fire giant zombie (D:15)
  A faun (shapeshifter) (Elf:2)
  9 deep elf magi
  9 orc sorcerers
  5 cyclopes
  A salamander (D:13)
  8 ugly things (D:15)
  Maurice (D:11)
  10 elephants
  2 centaur zombies
  6 black mambas
  An ice statue (IceCv)
  Maggie (D:6)
  2 gargoyles
  A naga mage (D:13)
  6 torpor snails (Lair:6)
  11 cane toads
  4 ice devils (IceCv)
  3 rime drakes
  An efreet (D:15)
  17 komodo dragons
  6 freezing wraiths
  A tengu conjurer (D:15)
  An anaconda simulacrum (IceCv)
  A hellwing (Orc:2)
  3 meliai (D:13)
  5 trolls
  A polar bear (Lair:6)
  8 hornets
  3 tyrant leeches (Lair:6)
  A wolf spider simulacrum (IceCv)
  A harpy skeleton (D:15)
  4 blink frogs
  Grinder (D:6)
  6 dream sheep (Lair:3)
  2 slime creatures (D:15)
  A deep troll skeleton (D:15)
  An air elemental (Elf:2)
  A water elemental (D:15)
  3 shadows
  6 spriggans (Lair:3)
  18 humans (D:13)
  A fire elemental (Elf:1)
  6 hogs (D:12)
  5 wyverns
  2 basilisks (D:11)
  4 wraiths
  51 yaks
  2 steam dragons
  A chaos spawn (Orc:2)
  A harpy simulacrum (IceCv)
  2 wargs
  2 iron troll simulacra (IceCv)
  6 nagas (Lair:4)
  16 water moccasins
  2 acid dragons (D:13)
  2 hydra simulacra (IceCv)
  36 orc warriors
  5 ice beasts
  An ettin simulacrum (IceCv)
  A black bear (Lair:1)
  A hornet zombie (D:9)
  5 sky beasts
  3 eyes of draining
  2 necrophages
  7 phantoms
  13 ogres
  19 wolves
  A lemure (D:8)
  7 centaurs
  2 yaktaur zombies (D:15)
  4 big kobolds
  26 bullfrogs
  Blork the orc (D:6)
  An earth elemental (Elf:2)
  A gnoll sergeant (D:9)
  2 wyvern zombies
  2 troll zombies (D:10)
  7 scorpions
  2 howler monkeys
  10 wights
  5 bullfrog zombies
  2 quasits
  A draconian simulacrum (IceCv)
  3 jellies
  28 orc wizards
  4 centaur skeletons
  34 orc priests
  13 hounds
  2 bullfrog skeletons
  Jessica (D:2)
  An iguana (D:7)
  A polar bear simulacrum (IceCv)
  7 worker ants
  6 hell rats (Lair:5)
  3 troll simulacra (IceCv)
  A wolf simulacrum (IceCv)
  6 ogre zombies (D:10)
  A centaur simulacrum (IceCv)
  A hound zombie (D:8)
  Robin (D:2)
  4 gnolls
  16 adders
  A howler monkey skeleton (D:7)
  10 river rats
  4 ogre simulacra (IceCv)
  A shadow imp (D:6)
  4 white imps
  6 ufetubi
  An ooze (D:4)
  2 adder skeletons
  3 worms
  8 dart slugs
  5 leopard geckos
  86 orcs
  10 ball pythons
  4 giant cockroaches
  24 goblins
  14 hobgoblins
  18 jackals
  4 quokkas
  14 bats
  6 frilled lizards
  2 hobgoblin skeletons (D:10)
  2 hobgoblin zombies (D:10)
  A jackal zombie (D:6)
  24 kobolds
  A leopard gecko skeleton (D:7)
  A leopard gecko zombie (D:6)
  3 orc skeletons (D:10)
  18 orc zombies (D:10)
  A quokka skeleton (D:4)
  A quokka zombie (D:5)
  29 rats
  A butterfly (Lair:5)
971 creatures vanquished.

Vanquished Creatures (others)
  A blizzard demon (IceCv)
  A wyvern (D:8)
  3 white imps (IceCv)
  An ufetubus (IceCv)
  A leopard gecko (D:8)
  An orc (Orc:1)
  32 fungi
  69 plants
  6 toadstools (Lair:1)
  3 withered plants (D:15)
118 creatures vanquished.

Grand Total: 1089 creatures vanquished

Notes
Turn   | Place    | Note
-------+----------+-------------------------------------------
     0 | D:1      | runemasterragnar the Ogre Monk began the quest for the Orb.
     0 | D:1      | Reached XP level 1. HP: 24/24 MP: 1/1
   103 | D:1      | Reached XP level 2. HP: 24/32 MP: 2/2
   671 | D:1      | Reached XP level 3. HP: 38/40 MP: 3/3
  1180 | D:2      | Noticed Robin
  1185 | D:2      | Noticed Jessica
  1188 | D:2      | Reached XP level 4. HP: 49/49 MP: 4/4
  1208 | D:2      | Reached skill level 5 in Fighting
  1722 | D:2      | Killed Robin
  1901 | D:2      | Killed Jessica
  1902 | D:2      | Reached XP level 5. HP: 26/57 MP: 5/5
  2157 | D:3      | Found a sparkling altar of Nemelex Xobeh.
  2568 | D:3      | Found a burning altar of Makhleb.
  2572 | D:3      | Found a shadowy altar of Dithmenos.
  2586 | D:3      | Found a blossoming altar of Fedhas.
  3290 | D:3      | Found a hazy altar of Hepliaklqana.
  3911 | D:3      | Reached skill level 6 in Fighting
  3911 | D:3      | Reached XP level 6. HP: 32/67 MP: 6/6
  4116 | D:3      | Found a glowing silver altar of Zin.
  4710 | D:4      | Found a sacrificial altar of Ru.
  4721 | D:4      | Found a glowing golden altar of the Shining One.
  4909 | D:4      | Noticed a phantom
  5361 | D:5      | Entered Level 5 of the Dungeon
  5373 | D:5      | Reached skill level 5 in Axes
  5373 | D:5      | Reached skill level 1 in Throwing
  5373 | D:5      | Reached XP level 7. HP: 76/76 MP: 7/7
  5476 | D:5      | Found a glowing drain.
  5505 | Sewer    | Entered a sewer
  5653 | Sewer    | Reached skill level 7 in Fighting
  5780 | Sewer    | Reached skill level 5 in Dodging
  5821 | Sewer    | Reached XP level 8. HP: 87/87 MP: 8/8
  6349 | D:5      | Reached skill level 8 in Fighting
  6449 | D:5      | Found an ornate altar of the Wu Jian Council.
  7296 | D:6      | Found a staircase to the Ecumenical Temple.
  7301 | Temple   | Entered the Ecumenical Temple
  7415 | D:6      | Reached XP level 9. HP: 65/97 MP: 9/9
  7703 | D:6      | Reached skill level 9 in Fighting
  8140 | D:6      | Noticed Grinder
  8151 | D:6      | Killed Grinder
  8152 | D:6      | Reached skill level 5 in Throwing
  8618 | D:6      | Noticed Blork the orc
  8624 | D:6      | Killed Blork the orc
  8664 | D:6      | Noticed Maggie
  8673 | D:6      | Killed Maggie
  8701 | D:6      | Found an ancient bone altar of Kikubaaqudgha.
  8728 | D:6      | Found a blossoming altar of Fedhas.
  8945 | D:6      | Found a snail-covered altar of Cheibriados.
  8945 | D:6      | Found a white marble altar of Elyvilon.
  8947 | D:6      | Found a shimmering altar of Xom.
  8947 | D:6      | Found a radiant altar of Vehumet.
  8947 | D:6      | Found an ornate altar of the Wu Jian Council.
  9602 | D:4      | Found Qoler's Armour Shop.
 10108 | D:7      | Found a runed translucent gate.
 10108 | D:7      | Found a runed translucent gate.
 10108 | D:7      | Found a runed translucent gate.
 10110 | D:7      | Noticed vvl's ghost (novice GrFi)
 10111 | D:7      | Noticed fitz's ghost (novice GrGl)
 10112 | D:7      | Noticed Gadfly's ghost (novice TrBe)
 10112 | D:7      | Noticed jackrogers's ghost (novice GrBe)
 10167 | D:7      | Reached skill level 1 in Armour
 10213 | D:7      | Reached skill level 10 in Fighting
 10379 | D:7      | Noticed a hornet
 10392 | D:7      | Killed a hornet
 10393 | D:7      | Reached XP level 10. HP: 100/110 MP: 10/10
 10455 | D:7      | Found a hide-covered altar of Uskayaw.
 10563 | D:7      | Found a runed translucent door.
 10564 | D:7      | Noticed Crazy Yiuf
 10992 | D:7      | Found a sacrificial altar of Ru.
 11505 | D:8      | Gained mutation: You occasionally shout uncontrollably at
                  | your foes. [potion of mutation]
 11505 | D:8      | Gained mutation: Your flesh is heat resistant. (rF+)
                  | [potion of mutation]
 11505 | D:8      | Gained mutation: You have a somewhat thin skeletal
                  | structure. (Dex +2, Stealth) [potion of mutation]
 11507 | D:8      | Found an iron altar of Okawaru.
 11516 | D:8      | Became a worshipper of Warmaster Okawaru
 11516 | D:8      | Reached * piety under Okawaru
 11516 | D:8      | Reached ** piety under Okawaru
 11733 | D:8      | Noticed Pikel
 11745 | D:8      | Killed Pikel
 11746 | D:8      | Reached skill level 1 in Invocations
 12192 | D:9      | Found a radiant altar of Vehumet.
 12298 | D:9      | Noticed a gargoyle
 12322 | D:9      | Killed a gargoyle
 12485 | D:9      | Reached skill level 11 in Fighting
 12979 | D:9      | Found a staircase to the Lair.
 12992 | D:9      | Reached *** piety under Okawaru
 13035 | D:9      | Received a gift from Okawaru
 13283 | D:9      | Reached XP level 11. HP: 120/120 MP: 13/13
 13778 | D:10     | Entered Level 10 of the Dungeon
 13871 | D:10     | Learned a level 1 spell: Apportation
 13908 | D:10     | Noticed a centaur warrior
 13916 | D:10     | Killed a centaur warrior
 13958 | D:10     | Reached **** piety under Okawaru
 14049 | D:10     | Found a staircase to the Orcish Mines.
 14651 | D:10     | Lost mutation: Your flesh is heat resistant. (rF+) [potion
                  | of mutation]
 14651 | D:10     | Lost mutation: You occasionally shout uncontrollably at
                  | your foes. [potion of mutation]
 14651 | D:10     | Gained mutation: You have a pair of small antennae on your
                  | head. [potion of mutation]
 14651 | D:10     | Gained mutation: Scrolls take you a little longer to read.
                  | [potion of mutation]
 14651 | D:10     | Gained mutation: Your muscles are strong. (Str +2) [potion
                  | of mutation]
 14652 | D:10     | Lost mutation: You have a pair of small antennae on your
                  | head. [potion of mutation]
 14652 | D:10     | Lost mutation: Scrolls take you a little longer to read.
                  | [potion of mutation]
 14652 | D:10     | Lost mutation: You have a somewhat thin skeletal structure.
                  | (Dex +2, Stealth) [potion of mutation]
 14652 | D:10     | Gained mutation: You have an increased reservoir of magic.
                  | (+10% MP) [potion of mutation]
 14652 | D:10     | Gained mutation: Your muscles are very strong. (Str +4)
                  | [potion of mutation]
 14652 | D:10     | Gained mutation: You tend to lose your temper in combat.
                  | [potion of mutation]
 14652 | D:10     | Gained mutation: Your mind is acute. (Int +2) [potion of
                  | mutation]
 14665 | D:11     | Found Nibi Afu's Assorted Antiques.
 14673 | D:11     | Received a gift from Okawaru
 14824 | D:11     | Noticed a death knight
 14824 | D:11     | Noticed a skeletal warrior
 14887 | Orc:1    | Entered Level 1 of the Orcish Mines
 14887 | Orc:1    | Noticed an orc sorcerer
 14887 | Orc:1    | Noticed a stone giant
 14945 | Lair:1   | Entered Level 1 of the Lair of Beasts
 15313 | Lair:1   | Received a gift from Okawaru
 15314 | Lair:1   | Reached skill level 12 in Fighting
 15314 | Lair:1   | Reached skill level 5 in Invocations
 15389 | Lair:1   | Reached ***** piety under Okawaru
 15508 | Lair:1   | Noticed a dire elephant
 15508 | Lair:1   | Noticed a lindwurm
 15528 | Lair:1   | Found a runed translucent door.
 15992 | Lair:1   | Identified a scroll of acquirement
 15993 | Lair:1   | Acquired the ring of the Cuttlefish {rPois Will+ EV+4
                  | Dex+2}
 16101 | Lair:1   | Reached skill level 5 in Armour
 16146 | Lair:1   | Received a gift from Okawaru
 16629 | Lair:2   | Reached XP level 12. HP: 133/133 MP: 18/18
 16768 | Lair:2   | Noticed a seven-headed hydra
 16799 | Lair:3   | Reached skill level 10 in Axes
 17092 | Lair:3   | Noticed a seven-headed hydra
 17129 | Lair:2   | Killed a seven-headed hydra
 17129 | Lair:2   | Received a gift from Okawaru
 17465 | Lair:2   | Noticed a six-headed hydra
 17563 | Lair:3   | Noticed a death yak
 17564 | Lair:3   | Noticed a death yak
 17565 | Lair:3   | Noticed a death yak
 17565 | Lair:3   | Noticed a death yak
 17565 | Lair:3   | Noticed a death yak
 17580 | Lair:2   | Killed a death yak
 17580 | Lair:2   | Received a gift from Okawaru
 17874 | Lair:2   | Reached skill level 13 in Fighting
 18212 | Lair:3   | Killed a death yak
 18212 | Lair:3   | Received a gift from Okawaru
 18217 | Lair:3   | Killed a death yak
 18217 | Lair:3   | Received a gift from Okawaru
 18221 | Lair:3   | Killed a death yak
 18232 | Lair:3   | Killed a death yak
 18575 | Lair:3   | Got a fine hat {god gift}
 18586 | Lair:3   | Identified the +0 hat of Naolog {Will+ MP+9 Str+2} (Okawaru
                  | gifted it to you on level 3 of the Lair of Beasts)
 18658 | Lair:3   | Noticed an eight-headed hydra
 19036 | Lair:3   | Killed a seven-headed hydra
 19121 | Lair:3   | Reached XP level 13. HP: 54/144 MP: 20/20
 20388 | Lair:4   | Reached skill level 10 in Throwing
 20579 | Lair:4   | Noticed Sonja
 20800 | Lair:4   | Killed Sonja
 20848 | Lair:4   | Reached skill level 14 in Fighting
 20904 | Lair:4   | Found a staircase to the Snake Pit.
 21014 | Lair:4   | Received a gift from Okawaru
 23362 | Lair:6   | Entered Level 6 of the Lair of Beasts
 23424 | Lair:6   | Reached XP level 14. HP: 126/157 MP: 23/23
 23979 | Lair:6   | Reached ****** piety under Okawaru
 23984 | Lair:6   | Received a gift from Okawaru
 23985 | Lair:6   | Found the +8 Wrath of Trog {antimagic, *Rage}
 25476 | Lair:6   | Found a runed translucent door.
 25543 | Lair:6   | Reached skill level 15 in Fighting
 25543 | Lair:6   | Reached skill level 10 in Invocations
 25765 | Lair:6   | Received a gift from Okawaru
 26643 | Lair:6   | Found a runed translucent door.
 26643 | Lair:6   | Found a viscous altar of Jiyva.
 26643 | Lair:6   | Found a staircase to the Slime Pits.
 26902 | Orc:1    | Noticed an orc warlord
 27361 | D:10     | Killed a stone giant
 28304 | Orc:1    | Found a roughly hewn altar of Beogh.
 28400 | Orc:2    | Entered Level 2 of the Orcish Mines
 28804 | Orc:2    | Found a staircase to the Elven Halls.
 29172 | Orc:2    | Noticed Jorgrun
 29182 | Orc:2    | Killed Jorgrun
 29348 | Orc:2    | Received a gift from Okawaru
 29575 | Orc:2    | Found Ynebrus's Distillery.
 29582 | Orc:2    | Found Zeweeck's Magic Scroll Shoppe.
 29591 | Orc:2    | Reached XP level 15. HP: 99/167 MP: 25/25
 30395 | Orc:2    | Reached skill level 16 in Fighting
 30674 | Orc:2    | Found Limel's Antique Armour Boutique.
 30674 | Orc:2    | Found Siefuino's Gadget Shop.
 30674 | Orc:2    | Found a one-way gate leading to the halls of Pandemonium.
 30892 | Orc:2    | Bought a scroll of teleportation for 45 gold pieces
 31351 | D:11     | You fall into a shaft and drop 1 floor!
 31858 | D:12     | Lost mutation: You tend to lose your temper in combat.
                  | [potion of mutation]
 31858 | D:12     | Lost mutation: Your muscles are very strong. (Str +4)
                  | [potion of mutation]
 31858 | D:12     | Gained mutation: Your body sometimes deteriorates upon
                  | taking damage. [potion of mutation]
 31858 | D:12     | Gained mutation: You are partially covered in icy blue
                  | scales. (AC +2) [potion of mutation]
 31858 | D:12     | Gained mutation: Your skin changes colour to match your
                  | surroundings (Stealth+). [potion of mutation]
 32030 | D:12     | Noticed Kirke
 32052 | D:12     | Killed Kirke
 32052 | D:12     | Received a gift from Okawaru
 33065 | D:11     | Found Miym's Magic Scroll Boutique.
 33258 | D:11     | Found Lioc's Gadget Shop.
 33293 | D:11     | Found Egoviniz's Pet Rocks.
 33316 | D:11     | Noticed Maurice
 33337 | D:11     | Killed Maurice
 33387 | D:11     | Found Cewn's Armour Shoppe.
 34355 | D:13     | Found a gate to the Vaults.
 34362 | D:13     | Reached XP level 16. HP: 178/180 MP: 27/27
 34369 | D:13     | Received a gift from Okawaru
 34383 | D:13     | Received a gift from Okawaru
 34481 | D:13     | Found Nuifoavazo's Serpentskin Sales.
 34492 | D:13     | Received a gift from Okawaru
 35057 | D:14     | Reached skill level 10 in Armour
 35087 | D:14     | Noticed Louise
 35098 | D:14     | Killed Louise
 35098 | D:14     | Received a gift from Okawaru
 35260 | D:14     | Noticed Cown's ghost (journeyman TrHu)
 35268 | D:14     | Found a transporter.
 35311 | D:14     | Found a transporter.
 35359 | D:14     | Found a sparkling altar of Nemelex Xobeh.
 35674 | D:14     | Found a glowing golden altar of the Shining One.
 35780 | D:15     | Entered Level 15 of the Dungeon
 36185 | D:15     | Reached skill level 17 in Fighting
 36368 | D:15     | Found a staircase to the Depths.
 37096 | D:15     | Received a gift from Okawaru
 37485 | D:15     | Received a gift from Okawaru
 37859 | Depths:1 | Entered Level 1 of the Depths
 38600 | Elf:1    | Entered Level 1 of the Elven Halls
 38805 | Elf:1    | You fall into a shaft and drop 1 floor!
 39152 | Elf:2    | Found a frozen archway.
 39183 | IceCv    | Entered an ice cave
 39641 | IceCv    | Reached XP level 17. HP: 192/192 MP: 29/29
 39980 | IceCv    | HP: 5/192 [dire elephant simulacrum (42)]
 39982 | IceCv    | Slain by a dire elephant simulacrum

Illustrated notes

Levels and vault maps discovered:
D:1:      dpeg_arrival_long_road, layout_loops_ring
D:2:      layout_rooms, uniq_jessica, uniq_robin
D:3:      minmay_thinvault, layout_loops_cross, marbit_many_paths,
          overflow_temple_1_default, nzn_hepliaklqana_mist_gate,
          chequers_temple_overflow_statue_of_worship
D:4:      layout_layer_cave, amethyst_overflow_temple_binary, serial_shops, shop
D:5:      layout_basic, kennysheep_little_box, portal_sewer_entry_a
D:6:      layout_layer_cave, doesnt_xom_only_xom, minmay_temple_entry_arrows,
          basic_altar, sigmund_army, uniq_blork_the_orc, uniq_grinder,
          uniq_maggie
D:7:      layout_basic, kennysheep_mini_moat, nicolae_ossuary_entry_plus,
          basic_altar, gammafunk_ghost_cemetery, uniq_crazy_yiuf_cottage
D:8:      layout_loops_cross, okawaru_gym_becter, lemuel_flame_loot_1,
          uniq_pikel
D:9:      layout_roguey, vehumet_altar_wand_db, erik_lair_island,
          serial_co_window_serial, co_window_corner_a, co_window_paths_b,
          co_window_of_opportunity_a, co_window_paths_b,
          co_window_of_opportunity_a, co_window_of_opportunity_a,
          co_window_of_opportunity_c, co_window_of_opportunity_b,
          co_window_cross_2, co_window_unsneaky_path_a, co_window_paths_e,
          co_window_4corner_a, glass_columns_a, glass_columns_a,
          glass_columns_b, eino_small_chamber_without_monster,
          minmay_misc_feat_encased
D:10:     layout_basic, zombieorc2_lemuel
D:11:     layout_roguey, serial_shops, shop, shop_coins, shop, shop,
          guppyfry_shop_earth, uniq_maurice
D:12:     layout_irregular_city, minivault_27, minmay_puff, uniq_kirke
D:13:     layout_cave_pools, grunt_vaults_entry_tiered, guppyfry_shop_venom
D:14:     layout_basic, gammafunk_ghost_stat_death, basic_altar, tso_altar,
          drop_trap, uniq_louise
D:15:     gammafunk_depths_entry_grave, layout_stronghold,
          serial_bayou_lagoon_a, minmay_three_doors
Temple:   compressed_dpeg_triangle_lava_temple
Lair:1:   gammafunk_lair_enchanted_lake, layout_gridlike
Lair:2:   layout_chaotic_city, palyth_hydra_swamp_entry
Lair:3:   layout_roguey, small_statue_intersection, wad_woods_01
Lair:4:   layout_cave_pods, minmay_snake_entry_guardpost_medium,
          minmay_stone_trees_small, uniq_sonja
Lair:5:   layout_layer_cave, lemuel_fruit_fields, lemuel_fruit_tree,
          grunt_megastairs_5, lemuel_fruit_fields
Lair:6:   wormcave, layout_long_grid, slime_altar_2,
          chequers_serial_rivers_marsh
Orc:1:    layout_caves, minmay_shop_mass, david_defended_altar_orc, uniq_urug
Orc:2:    pf_orc_diabolical, layout_caves, uniq_jorgrun
Elf:1:    layout_onion_city, minmay_elf_necromancy, st_stairs_8
Elf:2:    layout_loops_corners, portal_ice_cave_entry_pillars_three
Depths:1: layout_big_octagon, hell_entry, minmay_misc_feat_more_columns,
          minmay_room_of_horrors, kennysheep_inner_square
IceCv:    ice_cave_caverns_03

Skill      XL: |  1  2  3  4  5  6  7  8  9 10 11 12 13 14 15 16 17 |
---------------+----------------------------------------------------+-----
Dodging        | 3 4 5 6 |  6.7
Fighting       | 5 6 7 8 10 11 12 13 14 15 16 17 | 17.6
Axes           | 4 5 6 7 8 9 10 11 12 13 14 | 14.1
Throwing       | 1 2 4 6 7 8 9 10 11 12 13 | 13.4
Armour         | 1 3 5 6 7 8 9 10 | 10.6
Invocations    | 3 5 7 9 10 11 12 13 | 13.0
Stealth        | |  1.4

Action                   |  1- 3 |  4- 6 |  7- 9 | 10-12 | 13-15 | 16-18 || total
-------------------------+-------+-------+-------+-------+-------+-------++-------
Melee: Hand axe          |   154 |   352 |     5 |       |       |       ||   511
       War axe           |       |       |   289 |       |       |       ||   289
       Battleaxe         |       |       |    79 |   430 |   817 |   318 ||  1644
       Unarmed           |       |       |       |    10 |       |       ||    10
Throw: Boomerang         |       |     5 |       |   142 |    12 |     6 ||   165
       Dart              |       |       |     4 |    21 |    40 |       ||    65
       Large rock        |       |       |       |    26 |   218 |   148 ||   392
       Javelin           |       |       |       |       |     4 |     2 ||     6
Invok: Heroism           |       |       |       |     1 |     2 |       ||     3
       Finesse           |       |       |       |     1 |     2 |       ||     3
Evoke: Wand              |       |     2 |     5 |       |     8 |     9 ||    24
       Tin of tremorston |       |       |       |     2 |       |       ||     2
       Condenser vane    |       |       |       |       |     2 |       ||     2
  Use: Potion            |       |     2 |       |     7 |     6 |     5 ||    20
       Scroll            |       |    10 |     8 |     8 |     8 |     2 ||    36
 Stab: Sleeping          |     2 |     1 |     4 |     3 |       |       ||    10
       Distracted        |       |       |       |       |     1 |       ||     1
       Confused          |       |       |       |       |     3 |     3 ||     6
Armor: Robe              |   109 |   155 |   124 |       |       |       ||   388
       Swamp dragon scal |       |       |    52 |   223 |   119 |       ||   394
       Skin              |       |       |       |    61 |       |       ||    61
       Storm dragon scal |       |       |       |       |   260 |   240 ||   500
Dodge: Dodged            |   118 |   259 |   243 |   335 |   655 |   250 ||  1860
